 Dungeon Crawl Stone Soup version 0.28-a0-863-g8cecda6153 (webtiles) character file.

Game seed: 7071402016060737161

3614 ytrimaz the Cleaver (level 10, -3/80 HPs)
             Began as a Formicid Fighter on Nov 16, 2021.
             Was an Elder of Okawaru.
             Slain by an orc warrior (16 damage)
             ... in a bailey.
             The game lasted 00:11:30 (8062 turns).

ytrimaz the Cleaver (Formicid Fighter)              Turns: 8062, Time: 00:11:31

Health: -3/80      AC: 18    Str: 25    XL:     10   Next: 32%
Magic:  8/14       EV: 10    Int:  7    God:    Okawaru [****..]
Gold:   875        SH:  7    Dex: 16    Spells: 9/9 levels left

rFire   . . .      SeeInvis +   q - +2 war axe (vamp)
rCold   . . .      Faith    .   c - +0 buckler
rNeg    . . .      Spirit   .   o - +0 plate armour
rPois   .          Reflect  .   (helmet unavailable)
rElec   .          Harm     .   (no cloak)
rCorr   .          Rampage  .   (no gloves)
Will    ++...                   g - +1 pair of boots
Stlth   ..........              h - amulet of magic regeneration
HPRegen 0.23/turn               n - +6 ring of dexterity
MPRegen 0.39/turn               r - ring of willpower

@: mighty, heroic, finesse-ful
A: permanent stasis, dig shafts and tunnels, antennae 3, four strong arms
a: Dig, Renounce Religion, Heroism, Finesse


You were in a bailey.
You worshipped Okawaru.
Okawaru was greatly pleased with you.
You visited 2 branches of the dungeon, and saw 8 of its levels.
You also visited: Sewer and Bailey.

You collected 875 gold pieces.

Inventory:

Hand Weapons
 a - a +0 war axe
 q - a +2 vampiric war axe (weapon)
 u - the +12 hand axe of Irelagh {speed, rElec}
   (You found it in a sewer)

   Attacks with this weapon are significantly faster.
   rElec:     It insulates you from electricity.
 y - a +5 war axe of flaming
Missiles
 b - 72 poisoned darts (quivered)
Armour
 c - a +0 buckler (worn)
 g - a +1 pair of boots (worn)
 l - a +0 kite shield
 o - a +0 plate armour (worn)
 A - +0 swamp dragon scales
Jewellery
 h - an amulet of magic regeneration (around neck)
 n - a +6 ring of dexterity (left hand)
 r - a ring of willpower (right hand)
Wands
 m - a wand of mindburst (46)
Scrolls
 f - 3 scrolls of enchant weapon
 j - 2 scrolls of fog
 t - a scroll of magic mapping
 v - a scroll of enchant armour
Potions
 e - 2 potions of mutation
 i - 3 potions of brilliance
 k - 6 potions of haste
 p - a potion of curing
 s - 4 potions of heal wounds
 w - a potion of degeneration {unknown}
 x - a potion of flight {unknown}
 z - a potion of ambrosia {unknown}
 B - a potion of magic {unknown}


   Skills:
 * Level 7.7(12.7) Fighting
 + Level 9.5(14.5) Axes
 * Level 8.2(13.2) Armour
 - Level 4.6(9.6) Shields
 * Level 5.3 Invocations


You had 9 spell levels left.
You didn't know any spells.
Your spell library contained the following spells:

 Spells                   Type           Power      Damage    Failure   Level
 Slow                     Hex            0%         N/A       98%         1
 Confusing Touch          Hex            0%         N/A       100%        3
 Vampiric Draining        Necr           0%         2d6       100%        3
 Leda's Liquefaction      Hex/Erth       0%         N/A       100%        4
 Lee's Rapid Deconstruct  Erth           0%         3d5*      100%        5
 Statue Form              Tmut/Erth      0%         N/A       100%        6


Dungeon Overview and Level Annotations

Branches:
Dungeon (7/15)             Temple (1/1) D:4           Sewer (visited)
 Bailey (1/1)

Altars:
Ashenzari
Cheibriados
Dithmenos
Elyvilon
Fedhas
Gozag
Hepliaklqana
Kikubaaqudgha
Makhleb
Nemelex Xobeh
Okawaru
Qazlal
Ru
Sif Muna
Trog
Uskayaw
Vehumet
Wu Jian
Xom
Yredelemnul
Zin
The Shining One

Shops:
D:4 [


Innate Abilities, Weirdness & Mutations

You cannot be hasted, slowed, berserked, paralysed or teleported.
You can dig through walls and to a lower floor.
You have a pair of large antennae on your head. (SInv)
Your four strong arms can wield two-handed weapons with a shield.


Message History

You hit the orc knight.
The orc knight is lightly wounded.
You slash the orc warrior! You hit the orc warrior.
You closely miss the orc knight. You closely miss the orc.
The orc knight closely misses you. The orc hits you but does no damage.
The orc knight barely misses you. You block the orc warrior's attack.
Unknown command.
Unknown command.
You barely miss the orc warrior.
The orc warrior is heavily wounded.
You hit the orc knight but do no damage.
You slash the orc warrior! You closely miss the orc knight.
You closely miss the orc.
Unknown command.
Unknown command.
You slash the orc warrior!
You feel better.
The orc warrior is almost dead.
You slash the orc knight!
You feel better.
You slash the orc warrior!
You feel better.
You kill the orc warrior!
Okawaru accepts your kill.
Your plate armour prevents you from hitting the orc knight.
You slice the orc!!
You feel better.
You kill the orc!
Okawaru accepts your kill.
You slice the orc!!
You feel better.
You kill the orc!
Okawaru accepts your kill.
The orc knight hits you with a +0 halberd!
The orc warrior hits you with a +0 glaive!!
* * * LOW HITPOINT WARNING * * *
The orc closely misses you. The orc knight misses you.
Unknown command.
You closely miss the orc. You slash the orc knight! You slash the orc warrior!
You feel better.
You kill the orc warrior!
Okawaru accepts your kill.
You hit the orc knight.
The orc warrior hits you from afar with a +0 bardiche!
You die...

#+++++#
##.....##
#.......#
#.......#
#.......#
#...o...#
#.ooo)..#
#))@o.#
##'))##
#.....#
#.....#
#.....#
#.....#
#.....#
##'''##
##.....##


You could see 2 orc knights, an orc warrior (strong) and 2 orcs.

Vanquished Creatures
  Maggie (D:7)
  Menkaure (D:5)
  Edmund (D:5)
  2 water moccasins
  A hornet zombie (D:6)
  8 orc warriors (Bailey)
  An ogre (D:5)
  A black bear (D:5)
  2 ice beasts
  2 necrophages
  2 centaurs
  A phantom (D:6)
  A bullfrog (D:7)
  3 scorpions
  A water moccasin zombie (D:5)
  2 wights (D:7)
  A centaur zombie (D:7)
  4 hounds
  A centaur skeleton (D:6)
  2 bullfrog zombies (D:5)
  2 bullfrog skeletons
  A jelly (D:5)
  2 orc priests (D:6)
  3 orc wizards
  2 scorpion zombies
  Ijyb (D:5)
  7 iguanas
  7 adders
  4 gnolls
  A shadow imp (D:5)
  An ufetubus (D:5)
  An adder skeleton (D:4)
  2 worms
  2 dart slugs
  43 orcs
  6 bats
  9 endoplasms
  3 giant cockroaches
  12 goblins
  10 hobgoblins
  4 jackals
  11 kobolds
  4 quokkas
  7 ball pythons
  6 frilled lizards
  5 rats
194 creatures vanquished.

Vanquished Creatures (others)
  A plant (D:6)
1 creature vanquished.

Grand Total: 195 creatures vanquished

Notes
Turn   | Place    | Note
-------+----------+-------------------------------------------
     0 | D:1      | ytrimaz the Formicid Fighter began the quest for the Orb.
     0 | D:1      | Reached XP level 1. HP: 18/18 MP: 1/1
    49 | D:1      | Reached XP level 2. HP: 24/24 MP: 2/2
   558 | D:1      | Reached XP level 3. HP: 27/29 MP: 3/3
   647 | D:1      | Reached skill level 3 in Axes
  1398 | D:2      | Found a radiant altar of Vehumet.
  1451 | D:2      | Reached XP level 4. HP: 36/36 MP: 4/4
  1957 | D:2      | Reached XP level 5. HP: 34/42 MP: 5/5
  2301 | D:3      | Reached skill level 4 in Axes
  2735 | D:3      | Found a faded altar of an unknown god.
  3301 | D:4      | Found a staircase to the Ecumenical Temple.
  3304 | D:4      | Noticed a necrophage
  3312 | D:4      | Killed a necrophage
  3313 | D:4      | Reached skill level 5 in Axes
  3313 | D:4      | Reached XP level 6. HP: 47/48 MP: 6/6
  3323 | Temple   | Entered the Ecumenical Temple
  3578 | Temple   | Became a worshipper of Warmaster Okawaru
  3884 | D:4      | Found Kyleinwi's Armour Emporium.
  3995 | D:4      | Reached XP level 7. HP: 42/54 MP: 7/7
  4011 | D:4      | Reached * piety under Okawaru
  4654 | D:5      | Entered Level 5 of the Dungeon
  4853 | D:5      | Identified the +4 dagger "Vynad" {holy, Dex+6}
  4929 | D:5      | Reached skill level 6 in Axes
  4929 | D:5      | Reached skill level 1 in Invocations
  4939 | D:5      | Reached skill level 5 in Armour
  4939 | D:5      | Reached XP level 8. HP: 57/61 MP: 7/9
  5066 | D:5      | Reached skill level 5 in Fighting
  5116 | D:5      | Reached ** piety under Okawaru
  5214 | D:5      | Reached skill level 7 in Axes
  5484 | D:5      | Noticed Edmund
  5496 | D:5      | Killed Edmund
  5735 | D:5      | Noticed Menkaure
  5744 | D:5      | Killed Menkaure
  5745 | D:5      | Reached XP level 9. HP: 29/69 MP: 8/11
  6081 | D:5      | Noticed Ijyb
  6093 | D:5      | Killed Ijyb
  6209 | D:6      | Found a glowing drain.
  6255 | Sewer    | Entered a sewer
  6370 | Sewer    | Reached skill level 8 in Axes
  6376 | Sewer    | Identified the +12 hand axe of Irelagh {speed, rElec}
  6632 | D:6      | Found a radiant altar of Vehumet.
  6674 | D:6      | Reached *** piety under Okawaru
  7275 | D:6      | Identified the +0 leather armour of the Fletcher {Str+5
                  | SInv Stlth+}
  7328 | D:7      | Noticed Maggie
  7343 | D:7      | Killed Maggie
  7636 | D:7      | Reached XP level 10. HP: 79/79 MP: 13/13
  7650 | D:7      | Found a flagged portal.
  7658 | D:7      | Reached skill level 9 in Axes
  7676 | Bailey   | Entered a bailey
  7698 | Bailey   | Reached skill level 5 in Invocations
  7748 | Bailey   | Reached **** piety under Okawaru
  8049 | Bailey   | Noticed an orc knight
  8049 | Bailey   | Noticed an orc knight
  8062 | Bailey   | Slain by an orc warrior

Illustrated notes

Levels and vault maps discovered:
D:1:      dpeg_arrival_morbid_curiosity, layout_basic, serial_rivers,
          chequers_serial_rivers_marsh, chequers_serial_rivers_room_b,
          chequers_serial_rivers_room_b, chequers_serial_rivers_micro_c,
          chequers_serial_rivers_micro_d, chequers_serial_rivers_micro_d
D:2:      layout_basic, basic_altar
D:3:      layout_basic, hellmonk_ecumenical_altar_prayer_group,
          nrook_mini_vaults, minmay_misc_feat_doors
D:4:      minmay_diamond_boxcup, layout_loops_corners,
          minmay_temple_entry_large_hall, serial_shops, shop
D:5:      minmay_polygon_palace, layout_loops_ring, uniq_menkaure, uniq_ijyb,
          uniq_edmund
D:6:      layout_basic, mainiacjoe_overflow_chevrons,
          cheibrodos_sewer_entry_drain
D:7:      layout_rooms, enter_bailey_6, uniq_joseph, uniq_maggie, uniq_harold
Temple:   nicolae_temple_the_god_donut
Bailey:   bailey_polearm_5, bailey

Skill      XL: |  1  2  3  4  5  6  7  8  9 10 |
---------------+-------------------------------+-----
Axes           | 3 5 6 7 8 9 |  9.5
Shields        | 4 |  4.6
Armour         | 4 5 6 7 8 |  8.2
Fighting       | 4 5 7 |  7.7
Invocations    | 1 3 4 5 |  5.3

Action                   |  1- 3 |  4- 6 |  7- 9 | 10-12 || total
-------------------------+-------+-------+-------+-------++-------
Melee: War axe           |   122 |   122 |   198 |    39 ||   481
       Hand axe          |       |       |    68 |    14 ||    82
Invok: Heroism           |       |       |     4 |     3 ||     7
       Finesse           |       |       |       |     1 ||     1
  Use: Scroll            |     1 |     3 |     7 |     1 ||    12
       Potion            |       |       |     3 |     3 ||     6
Armor: Scale mail        |    79 |    32 |       |       ||   111
       Plate armour      |       |    52 |   158 |    62 ||   272
Dodge: Dodged            |    77 |    65 |    77 |    73 ||   292
Block: Buckler           |    41 |    26 |    57 |    55 ||   179

Table legend: (Time is in decaauts)
 A = Elapsed time spent in this place.
 B = Non-inter-level travel time spent in this place.
 C = Inter-level travel time spent in this place.
 D = Time resting spent in this place.
 E = Time spent auto-exploring this place.
 F = Levels seen in this place.
 G = Mean time per level.
                   A        B        C        D        E       F      G
               +--------+--------+--------+--------+--------+-----+--------+
         Total |   8150 |   7826 |    324 |    964 |   5345 |  10 |  815.0 |
       Dungeon |   7186 |   6886 |    300 |    708 |   4877 |   7 | 1026.6 |
        Temple |    266 |    242 |     24 |      0 |    225 |   1 |  266.0 |
         Sewer |    321 |    321 |      0 |      0 |    243 |   1 |  321.0 |
        Bailey |    375 |    375 |      0 |    256 |      0 |   1 |  375.0 |
               +--------+--------+--------+--------+--------+-----+--------+

Top non-repeatable levels by time:
     D:5: 1555 daAuts
     D:1: 1461 daAuts
     D:4: 1195 daAuts
     D:3: 975 daAuts
     D:2: 853 daAuts
     D:6: 817 daAuts
  Bailey: 375 daAuts
     D:7: 328 daAuts
   Sewer: 321 daAuts
  Temple: 266 daAuts
